Map: Dreamcatcher LE

Players

Snute

  • Race: Zerg Zerg
  • Spawn Location: 11:00

uThermal - Winner!

  • Race: Terran Terran
  • Spawn Location: 5:00

Event: WCS Valencia 2018

VOD

Have the link to the VOD?

Description

Time

  • Played on: July 13, 2018, 7:44 a.m.
  • Length: 14:16

All games in this series

Show
View Real Time Build Order
Export as new Build Order

Snute Zerg 

Build Orders: Pool First 

Get SALT Encoding   

  12  0:00  Drone  
  13  0:12  Overlord  
  13  0:17  Drone  
  14  0:30  Drone x2  
  16  0:40  Spawning Pool  
  15  0:43  Drone  
  15  0:48  Drone  
  17  1:09  Hatchery  
  16  1:11  Drone  
  17  1:26  Extractor  
  17  1:27  Zergling x2  
  17  1:28  Zergling x4  
  17  1:32  Queen  
  21  1:39  Overlord  
  21  1:49  Drone  
  22  2:00  Drone  
  23  2:07  Queen  
  25  2:11  Drone  
  26  2:20  Queen  
  26  2:22  Drone x2  
  30  2:28  Metabolic Boost  
  30  2:37  Spore Crawler  
  26  2:40  Drone x2  
  29  2:45  Drone x3  
  29  2:49  Drone  
  33  2:53  Overlord  
  32  2:59  Overlord  
  32  3:02  Drone  
  32  3:04  Drone  
  34  3:08  Drone  
  35  3:16  Drone x3  
  35  3:18  Drone  
  39  3:22  Drone  
  39  3:25  Drone x3  
  43  3:35  Hatchery  
  43  3:37  Zergling x2  
  43  3:38  Zergling x2  
  43  3:40  Zergling x2  
  45  3:45  Queen  
  45  3:47  Overlord  
  47  3:52  Drone x2  
  47  3:54  Overlord  
  49  4:00  Queen  
  51  4:04  Overlord  
  51  4:05  Drone  
  51  4:07  Zergling x2  
  51  4:08  Zergling x2  
  54  4:11  Zergling x4  
  56  4:20  Queen  
  56  4:22  Drone x2  
  60  4:27  Drone  
  60  4:29  Drone  
  62  4:35  Evolution Chamber x2, Drone  
  62  4:36  Queen  
  61  4:42  Drone x4  
  65  4:50  Overlord, Queen  
  65  4:51  Drone  
  68  4:55  Zergling x2  
  68  4:56  Queen  
  68  4:59  Overlord  
  71  5:06  Overlord, Drone  
  71  5:11  Drone x2  
  73  5:15  Drone x2  
  73  5:16  Drone  
  76  5:21  Zerg Ground Armor Level 1  
  76  5:22  Zerg Missile Weapons Level 1  
  71  5:28  Zergling x6  
  71  5:29  Zergling x2  
  65  5:35  Drone  
  65  5:36  Drone x5  
  65  5:38  Drone  
  65  5:40  Drone  
  67  5:45  Drone x2  
  67  5:47  Drone  
  68  5:53  Drone x2  
  68  5:54  Drone  
  68  5:58  Drone  
  68  6:02  Drone  
  68  6:03  Drone  
  71  6:06  Drone x2  
  71  6:07  Drone  
  71  6:09  Drone  
  75  6:12  Lair  
  75  6:13  Drone  
  75  6:16  Drone x2  
  78  6:18  Extractor  
  78  6:21  Extractor x2, Drone x2  
  78  6:22  Drone x2  
  79  6:27  Roach Warren  
  79  6:28  Drone  
  79  6:29  Drone  
  79  6:30  Drone  
  79  6:32  Drone x2  
  83  6:34  Drone  
  83  6:35  Drone  
  83  6:36  Drone  
  83  6:38  Extractor, Drone  
  86  6:40  Extractor  
  86  6:41  Spore Crawler  
  86  6:42  Spore Crawler  
  86  6:44  Spore Crawler  
  86  6:47  Drone x3  
  84  6:52  Overlord  
  84  6:53  Drone x3  
  87  6:55  Overlord  
  87  7:01  Overlord  
  86  7:09  Roach  
  86  7:10  Roach x6  
  86  7:11  Roach  
  102  7:16  Roach x3  
  102  7:22  Zerg Ground Armor Level 2  
  108  7:23  Glial Reconstitution  
  108  7:31  Roach x2  
  108  7:32  Roach x2  
  116  7:47  Overlord x2  
  116  7:49  Zerg Missile Weapons Level 2  
  116  7:51  Hatchery  
  115  7:52  Overlord x2, Infestation Pit  
  115  7:55  Overlord  
  114  8:00  Overlord  
  114  8:07  Roach x6  
  114  8:10  Drone x2  
  114  8:11  Ravager x2  
  114  8:12  Ravager  
  131  8:13  Drone  
  131  8:14  Drone  
  131  8:17  Roach x2  
  138  8:22  Roach x2  
  143  8:27  Roach x3  
  145  8:45  Roach x8  
  145  8:48  Overlord x3  
  161  8:52  Hatchery  
  156  9:08  Roach x11  
  178  9:10  Ravager  
  178  9:11  Ravager x2  
  178  9:12  Ravager x2  
  178  9:15  Overlord x2  
  155  9:33  Roach  
  155  9:34  Roach x9  
  138  9:39  Roach  
  138  9:40  Roach x2  
  138  9:43  Drone  
  139  9:46  Ravager  
  139  9:49  Drone x3  
  139  9:52  Drone  
  140  9:53  Drone  
  140  9:56  Drone  
  140  9:59  Drone x2  
  144  10:06  Hive  
  144  10:12  Drone  
  144  10:13  Drone x3  
  148  10:20  Drone  
  148  10:21  Drone x5  
  154  10:24  Ravager  
  154  10:25  Ravager x2  
  153  10:37  Roach x7  
  160  10:48  Overlord  
  160  10:49  Zergling x16  
  148  10:55  Drone x5  
  148  10:56  Drone  
  147  10:57  Drone x2  
  147  10:59  Drone x2  
  147  11:04  Hydralisk Den, Drone x2  
  153  11:07  Ravager  
  153  11:09  Ravager  
  153  11:10  Ravager  
  155  11:12  Ravager  
  155  11:13  Roach x4  
  155  11:14  Ravager  
  155  11:15  Ravager x2  
  167  11:21  Drone x3  
  167  11:23  Ravager  
  171  11:27  Roach x4  
  171  11:28  Roach  
  181  11:39  Roach x4  
  190  11:40  Roach x2  
  180  11:48  Roach x3  
  180  11:54  Roach x2  
  156  12:13  Roach  
  156  12:14  Roach x6  
  139  12:31  Infestor  
  139  12:35  Grooved Spines  
  141  12:38  Hatchery  
  141  12:41  Roach  
  141  12:42  Roach x2  
  146  12:45  Roach  
  146  12:46  Roach  
  146  12:50  Roach x2  
  154  12:58  Roach x4  
  162  13:04  Viper  
  165  13:09  Roach x4  
  173  13:15  Roach x2  
  177  13:22  Roach  
  177  13:23  Roach x3  
  177  13:30  Roach  
  177  13:31  Roach x2  
  173  13:44  Roach x3  
  177  13:49  Hatchery  
Show
View Real Time Build Order
Export as new Build Order

uThermal Terran - Winner!

Build Orders: Hellion Opening, Reaper Expand, Bio Tank 

Get SALT Encoding   

  12  0:01  SCV  
  13  0:13  SCV  
  14  0:17  Supply Depot  
  14  0:25  SCV  
  15  0:38  SCV  
  15  0:40  Barracks  
  16  0:44  Refinery  
  16  0:50  SCV  
  17  1:02  SCV  
  18  1:15  SCV  
  19  1:27  Reaper, Orbital Command  
  20  1:40  Command Center  
  20  1:48  Supply Depot  
  20  1:53  SCV  
  21  1:59  Marine  
  22  2:05  SCV  
  22  2:07  Factory  
  23  2:13  Refinery  
  23  2:17  SCV  
  23  2:21  Barracks Reactor  
  24  2:29  SCV  
  25  2:41  SCV  
  26  2:54  Starport, SCV  
  27  3:02  Hellion x2  
  27  3:04  Barracks Tech Lab  
  31  3:11  SCV  
  32  3:13  Orbital Command  
  31  3:23  Hellion, SCV  
  31  3:24  Hellion  
  36  3:35  Supply Depot  
  36  3:36  SCV  
  36  3:37  Raven  
  36  3:39  SCV  
  40  3:47  Hellion  
  40  3:48  Hellion, SCV  
  45  3:51  SCV  
  46  3:58  Supply Depot  
  46  4:00  SCV  
  46  4:01  Barracks Tech Lab  
  47  4:03  SCV  
  48  4:12  SCV  
  48  4:13  Hellion x2  
  48  4:15  SCV  
  54  4:20  Raven  
  54  4:21  Supply Depot  
  56  4:24  SCV  
  56  4:25  Marine  
  56  4:28  SCV  
  59  4:36  Command Center  
  59  4:41  SCV  
  59  4:43  Marine  
  59  4:44  Stimpack  
  59  4:45  Factory Reactor  
  61  4:46  SCV  
  62  4:53  Barracks  
  62  4:54  SCV  
  62  4:56  Barracks  
  62  4:58  SCV  
  62  5:01  Marine  
  63  5:08  Engineering Bay  
  63  5:09  Engineering Bay  
  63  5:10  SCV, Refinery, Starport Reactor  
  63  5:11  Refinery  
  64  5:17  Supply Depot, SCV  
  64  5:19  Marine  
  66  5:22  SCV  
  65  5:29  SCV  
  65  5:34  SCV  
  63  5:38  Siege Tank  
  63  5:41  SCV  
  59  5:43  Marine x2  
  59  5:46  SCV  
  59  5:47  Marine  
  59  5:48  Medivac x2  
  67  5:53  SCV, Marine x2  
  70  5:58  SCV  
  70  6:00  Marine  
  70  6:03  Marine  
  73  6:05  SCV  
  73  6:08  Marine  
  73  6:10  SCV, Siege Tank  
  73  6:11  Supply Depot, Marine  
  77  6:16  Terran Infantry Weapons Level 1, Marine  
  77  6:17  SCV  
  80  6:18  Marine, Orbital Command  
  80  6:22  SCV  
  80  6:23  Terran Infantry Armor Level 1  
  80  6:24  Supply Depot  
  80  6:25  Marine  
  83  6:29  SCV  
  83  6:31  Barracks  
  84  6:33  Barracks  
  84  6:35  SCV  
  85  6:40  Marine x2  
  85  6:41  Supply Depot, SCV, Medivac  
  85  6:44  Medivac  
  85  6:45  Marine  
  93  6:47  SCV  
  93  6:49  Combat Shields  
  93  6:50  SCV  
  93  6:51  Marine  
  93  6:52  Marine  
  97  6:55  SCV  
  97  6:58  Marine  
  97  6:59  SCV  
  100  7:01  Supply Depot  
  100  7:02  SCV  
  100  7:03  Marine x2  
  100  7:07  Siege Tank  
  106  7:09  Marine  
  106  7:10  Marine  
  108  7:15  Factory  
  108  7:16  SCV, Marine, Refinery  
  108  7:20  Barracks Reactor  
  108  7:21  Barracks Reactor, Marine  
  108  7:22  Supply Depot, SCV  
  112  7:23  Missile Turret, Marine  
  112  7:26  Missile Turret  
  112  7:29  Armory  
  113  7:30  SCV, Marine x2  
  113  7:31  Missile Turret  
  113  7:33  SCV, Marine  
  118  7:38  SCV, Marine  
  118  7:41  Supply Depot, Marine  
  118  7:42  Supply Depot  
  121  7:44  Siege Tank  
  121  7:48  Supply Depot, SCV, Marine  
  121  7:51  SCV, Refinery  
  127  7:53  Marine  
  127  7:54  Marine  
  127  7:56  Marine  
  127  7:57  Marine  
  131  8:01  Marine  
  131  8:03  Factory Tech Lab  
  131  8:04  Marine x2  
  134  8:09  Marine  
  135  8:16  Marine x3  
  135  8:17  Terran Infantry Weapons Level 2, Command Center  
  138  8:20  Terran Infantry Armor Level 2  
  138  8:28  Thor  
  138  8:32  Siege Tank  
  138  8:33  Marine x3  
  150  8:39  Marine  
  150  8:41  Marine  
  151  8:43  Marine x2  
  151  8:47  Marine x2  
  148  8:50  Marine  
  148  8:51  Marine  
  148  8:52  Marine  
  149  8:56  Supply Depot  
  149  8:57  Marine  
  149  8:59  Marine  
  149  9:00  Barracks  
  149  9:01  Marine x2, Barracks  
  149  9:02  Barracks  
  153  9:03  Missile Turret  
  153  9:05  Marine  
  153  9:07  Marine  
  153  9:08  Marine  
  156  9:10  Marine  
  157  9:17  Supply Depot  
  157  9:18  SCV x2, Siege Tank x2  
  165  9:25  Marine  
  165  9:26  Marine x4  
  165  9:28  Marine  
  165  9:29  Marine x2  
  153  9:31  Marine  
  129  9:43  Marine  
  129  9:44  Marine x4, Planetary Fortress  
  125  9:45  Marine  
  125  9:47  Marine x2  
  125  9:48  SCV  
  125  9:49  Marine  
  130  9:54  SCV  
  130  9:57  Barracks Tech Lab x2, Siege Tank x2  
  130  9:59  Barracks Tech Lab  
  129  10:01  Marine  
  129  10:02  Marine x4  
  129  10:03  Marine  
  129  10:06  SCV x3  
  138  10:09  Sensor Tower  
  138  10:11  Marine x2  
  138  10:12  Missile Turret  
  140  10:14  Medivac x2  
  144  10:29  Marine x2  
  144  10:30  Marauder  
  144  10:33  Marine  
  144  10:34  Marine x2, Marauder  
  152  10:36  Siege Tank x2  
  151  10:44  Medivac x2  
  151  10:45  Supply Depot  
  151  10:48  Marine x2  
  150  10:50  Marine x4, Marauder  
  150  10:52  Marine  
  157  10:57  Marine x3  
  157  10:58  Marauder  
  157  10:59  Concussive Shells  
  157  11:06  Marine  
  157  11:07  Marine  
  157  11:08  Siege Tank x2  
  157  11:09  Marauder  
  167  11:12  Supply Depot, Marauder  
  167  11:14  Medivac  
  167  11:15  Supply Depot  
  167  11:16  Marine x3  
  167  11:17  Medivac, Marauder  
  178  11:22  Marine x2  
  180  11:33  Marine x5, Marauder  
  186  11:40  Siege Tank  
  186  11:41  Marine x2  
  186  11:42  Marine x3, Marauder  
  196  11:51  Siege Tank  
  196  11:56  Marine, Marauder x2  
  196  11:57  Medivac  
  196  11:58  Marine  
  196  12:03  Marine  
  196  12:04  Marauder  
  196  12:05  Marine, Marauder  
  196  12:06  Medivac  
  179  12:10  Marine  
  179  12:11  Marine x2  
  179  12:12  Marine  
  179  12:13  Marine  
  159  12:16  Marine  
  159  12:18  Marauder x2  
  159  12:20  Marine  
  159  12:22  Marine  
  160  12:23  Command Center  
  160  12:27  Medivac  
  160  12:29  Siege Tank, Marine  
  166  12:30  Marine, Marauder  
  166  12:34  Marine  
  166  12:35  Marauder  
  173  12:42  Siege Tank  
  176  12:46  Refinery  
  176  12:47  Supply Depot, Refinery  
  176  12:49  Marine x2  
  176  12:50  Marine, Marauder x2  
  183  12:51  Marauder  
  183  12:57  Marine, Marauder  
  188  13:02  Marine x2  
  190  13:09  Marine x2  
  190  13:11  Marauder  
  190  13:12  Marauder  
  196  13:14  Marine x2  
  196  13:15  Marauder  
  198  13:24  Marine  
  198  13:25  Marine  
  199  13:30  Marine  
  200  13:43  Marine  
  200  13:45  Marine  
  200  13:46  Marine  
  197  13:48  Marine  
  197  13:51  Marine x2, Marauder  
  200  13:57  Marine  
Tags
 
Add a new tag
Caveats
  • Supply blocks, unpowered buildings, or Contaminate may cause inaccurate times.
  • Supply counts are checked every 10 seconds.